AoeStats
← Yoshi [ Paladin ]

Black Forest

510242300Analyzed
4v4 RM · 1d ago on Sep 30, 2026· 38m 20s· 8 players
Game mode
Random Map
Map size
Large (8 player)
Population
200
Speed
Normal
Resources
Standard
Victory
Conquest
Starting age
Dark Age
Ending age
Imperial Age
RankedLock teamsTeams togetherTeam positionsShared explorationLock speedFull tech treeHidden civsTurbo modeCheats
Victory
Defeat
🇨🇳 Malians · China
1201
+14
🇨🇳 Franks · China
1182
+15
🇲🇽 Persians · Mexico
1167
+16
🇹🇼 Khmer · Taiwan
1126
+17
🇨🇴 Varangians · Colombia
1181
-16
🇨🇴 Huns · Colombia
1176
-16
🇨🇴 Khmer · Colombia
1154
-15
🇨🇴 Burgundians · Colombia
1146
-15
Bullfrog_III
10:50 Feudal Age
12:33 Loom
15:58 Castle Age
14:17 Double-Bit Axe
14:32 Horse Collar
15:31 Stone Mining
16:19 Gold Mining
20:27 Town Watch
26:03 Bloodlines
28:50 Bow Saw
30:07 Wheelbarrow
29:41 Scale Barding Armor
34:55 Imperial Age
32:41 Hand Cart
32:54 Town Patrol
35:10 Gold Shaft Mining
35:21 Stone Shaft Mining
35:08 Forging
37:38 Double Crossbow
38:11 Heavy Scorpion
Yoshi [ Paladin ]
7:21 Loom
11:58 Feudal Age
13:15 Double-Bit Axe
16:03 Castle Age
14:09 Horse Collar
14:55 Gold Mining
17:18 Bow Saw
18:59 Town Watch
20:49 Scale Barding Armor
25:42 Wheelbarrow
25:11 Heavy Plow
29:38 Imperial Age
27:47 Forging
27:35 Gold Mining
27:49 Husbandry
28:46 Bloodlines
29:22 Gold Shaft Mining
29:55 Iron Casting
30:45 Hand Cart
31:12 Coinage
30:07 Cavalier
32:15 Chain Barding Armor
34:20 Plate Barding Armor
34:45 Blast Furnace
33:58 Paladin
35:51 Conscription
Richi_Escarlata
0:27 Loom
8:57 Double-Bit Axe
12:58 Feudal Age
14:53 Town Watch
17:35 Castle Age
16:16 Horse Collar
22:01 Cavalier
23:48 Husbandry
25:58 Forging
25:53 Scale Barding Armor
25:53 Heavy Plow
28:58 Scale Barding Armor
31:36 Iron Casting
31:21 Chain Barding Armor
33:28 Bow Saw
33:11 Gold Mining
37:23 Fortified Wall
39:57 Imperial Age
Sir Toad
1:13 Loom
12:22 Feudal Age
17:37 Castle Age
20:46 Double-Bit Axe
21:58 Bow Saw
22:11 Horse Collar
27:51 Imperial Age
26:04 Gold Mining
26:34 Stone Mining
27:09 Padded Archer Armor
28:10 Stone Shaft Mining
28:10 Fletching
29:35 Heavy Plow
31:11 Bodkin Arrow
32:27 Masonry
35:45 Murder Holes
hugobsky
1:00 Loom
11:29 Feudal Age
15:32 Castle Age
14:35 Double-Bit Axe
16:15 Bow Saw
21:54 Wheelbarrow
22:35 Horse Collar
25:00 Fletching
26:10 Bodkin Arrow
27:27 Pikeman
28:49 Scale Mail Armor
35:47 Heavy Plow
38:20 Caravan
41:22 Imperial Age
sky_wu
0:40 Loom
11:18 Feudal Age
15:19 Castle Age
13:57 Double-Bit Axe
13:52 Horse Collar
21:11 Bow Saw
21:11 Heavy Plow
27:04 Imperial Age
25:16 Wheelbarrow
25:48 Gold Mining
25:49 Stone Mining
27:08 Hand Cart
27:43 Gold Shaft Mining
27:43 Stone Shaft Mining
30:29 Scale Barding Armor
30:34 Forging
30:18 Fletching
30:29 Padded Archer Armor
31:17 Light Cavalry
32:07 Bloodlines
31:57 Husbandry
33:42 Conscription
32:43 Elite Ballista Elephant
34:39 Hussar
34:41 Elite Battle Elephant
36:43 Chain Barding Armor
36:59 Iron Casting
36:21 Bodkin Arrow
36:41 Leather Archer Armor
35:52 Elite Battle Elephant
38:11 Crop Rotation
38:57 Plate Barding Armor
38:27 Double Crossbow
38:32 Tusk Swords
litchi
11:05 Feudal Age
13:29 Double-Bit Axe
15:58 Castle Age
15:06 Stone Mining
15:20 Horse Collar
17:00 Bow Saw
21:42 Gold Mining
22:20 Loom
23:44 Wheelbarrow
25:01 Hand Cart
26:26 Heavy Plow
26:47 Town Watch
31:21 Imperial Age
29:42 Gold Shaft Mining
30:48 Town Patrol
31:00 Bloodlines
30:50 Husbandry
30:59 Scale Barding Armor
31:05 Forging
32:41 Chain Barding Armor
32:57 Iron Casting
31:44 Heavy Camel Rider
31:47 Cavalier
32:53 Conscription
35:06 Plate Barding Armor
35:26 Farimba
36:49 Hoardings
见面问声好
11:09 Feudal Age
14:52 Castle Age
22:13 Double-Bit Axe
23:37 Wheelbarrow
25:24 Hand Cart
25:31 Loom
26:01 Pikeman
26:41 Squires
27:43 Husbandry
29:35 Bow Saw
29:39 Forging
29:34 Scale Barding Armor
32:38 Imperial Age
31:50 Iron Casting
31:35 Chain Barding Armor
31:22 Gold Mining
31:22 Stone Mining
32:40 Cavalier
33:44 Conscription
33:24 Chivalry
33:47 Conscription
34:13 Gold Shaft Mining
34:35 Paladin
36:35 Blast Furnace
36:10 Plate Barding Armor
35:59 Ballistics
36:40 Chemistry
35:49 Halberdier
36:14 Arson
Connection lost

Rejoining the realm…

Still unreachable

The connection could not be restored.

Session expired

The server has moved on; the page needs a fresh start.